 Dungeon Crawl Stone Soup version 0.29.1-2-gbd0b4ee654 (webtiles) character file.

Game seed: 6119871987178347325

4006 xian the Chopper (level 10, -2/94 HPs)
             Began as a Troll Gladiator on Nov 3, 2022.
             Was a Priest of Okawaru.
             Slain by a gnoll sergeant
             ... wielding a +0 halberd
              (7 damage)
             ... in a bailey.
             The game lasted 00:23:24 (5969 turns).

xian the Chopper (Troll Gladiator)                  Turns: 5969, Time: 00:23:25

Health: -2/94      AC: 11    Str: 28    XL:     10   Next: 3%
Magic:  9/9        EV:  8    Int:  7    God:    Okawaru [***...]
Gold:   425        SH: 12    Dex: 11    Spells: 9/9 levels left

rFire   + + .      SeeInvis .   w - +4 hand axe of the Twisting Gods {vorpal, Fragile rPois rF+ Int+3}
rCold   x . .      Faith    .   I - +0 tower shield
rNeg    . . .      Spirit   .   N - +0 steam dragon scales
rPois   +          Reflect  .   c - +0 hat
rElec   .          Harm     .   (no cloak)
rCorr   .          Rampage  .   (gloves unavailable)
Will    .....                   (boots unavailable)
Stlth   ++........              (no amulet)
HPRegen 1.05/turn               l - ring of fire
MPRegen 0.11/turn               i - +4 ring of protection

@: no status effects
A: large, unfitting armour, claws 3, regeneration 1, shaggy fur 1, tough skin 1
a: Renounce Religion, Heroism


You were in a bailey.
You worshipped Okawaru.
Okawaru was most pleased with you.
You visited 2 branches of the dungeon, and saw 9 of its levels.
You also visited: Bailey.

You collected 425 gold pieces.

Inventory:

Hand Weapons
 w - the +4 hand axe of the Twisting Gods (weapon) {vorpal, Fragile rPois rF+ Int+3}
   (You took it off an orc on level 3 of the Dungeon)

   It inflicts extra damage upon your enemies.
   Int:       It affects your intelligence (+3).
   rF:        It protects you from fire.
   rPois:     It protects you from poison.
   Fragile:   It will be destroyed if unequipped.
Missiles
 d - 4 throwing nets
 e - a large rock
 j - 14 boomerangs
 m - 30 stones (quivered)
 s - 16 poisoned darts
Armour
 c - a +0 hat (worn)
 I - a +0 tower shield (worn)
 N - +0 steam dragon scales (worn)
Jewellery
 g - a ring of positive energy
 i - a +4 ring of protection (right claw)
 k - a ring of wizardry
 l - a ring of fire (left claw)
 n - a ring of positive energy
 H - a +6 ring of intelligence
 J - a ring of flight
Wands
 D - a wand of polymorph (11)
Scrolls
 a - 2 scrolls of identify {unknown}
 o - 3 scrolls of enchant armour {unknown}
 p - 2 scrolls of fear {unknown}
 r - 2 scrolls of immolation {unknown}
 u - a scroll of torment {unknown}
 v - 3 scrolls of magic mapping
 y - 2 scrolls of noise {unknown}
 F - a scroll of blinking {unknown}
 G - 2 scrolls of vulnerability {unknown}
 M - a scroll of brand weapon {unknown}
Potions
 f - a potion of berserk rage {unknown}
 h - 2 potions of flight {unknown}
 q - 2 potions of degeneration {unknown}
 t - 3 potions of curing {unknown}
 x - 3 potions of heal wounds {unknown}
 z - 2 potions of lignification {unknown}
 A - a potion of invisibility {unknown}
 B - a potion of haste {unknown}
 C - a potion of might {unknown}
 E - 3 potions of attraction {unknown}
 K - a potion of resistance {unknown}
 L - a potion of ambrosia {unknown}


   Skills:
 + Level 4.5 Fighting
 + Level 6.8(7.4) Axes
 + Level 4.5(6.6) Maces & Flails
 + Level 4.0 Throwing
 + Level 6.3 Dodging
 + Level 1.7 Stealth
 + Level 3.9 Shields
 + Level 0.5 Invocations


You had 9 spell levels left.
You didn't know any spells.
Your spell library was empty.

Dungeon Overview and Level Annotations

Branches:
Dungeon (9/15)             Temple (1/1) D:5          Bailey (1/1)
   Lair: D:8-11         Orc: D:9-12

Altars:
Ashenzari
Cheibriados
Dithmenos
Fedhas
Gozag
Hepliaklqana
Makhleb
Okawaru
Ru
Trog
Uskayaw
Vehumet
Wu Jian
Xom
Zin
The Shining One

Shops:
D:7 (


Innate Abilities, Weirdness & Mutations

You are too large for most types of armour.
You have claws for hands.
Your natural rate of healing is unusually fast.
You are covered in fur. (AC +1)
You have tough skin. (AC +1)


Message History

You hit the gnoll but do no damage.
The gnoll is heavily wounded.
You block the gnoll's attack. x2
The gnoll sergeant hits you from afar with a +0 halberd.
You block the gnoll sergeant's attack. The gnoll barely misses you.
The gnoll hits you from afar with a +0 halberd.
The gnoll sergeant hits you but does no damage.
The gnoll sergeant hits you from afar with a +0 halberd.
You completely miss the gnoll.
The gnoll is heavily wounded.
You block the gnoll's attack. The gnoll hits you with a +0 spear.
You block the gnoll sergeant's attack. x2
You hit the gnoll but do no damage.
The gnoll is heavily wounded.
The gnoll barely misses you. The gnoll hits you but does no damage.
The gnoll sergeant hits you from afar with a +0 glaive!
The gnoll sergeant hits you from afar with a +0 halberd.
You hit the gnoll.
The gnoll is almost dead.
The gnoll hits you with a +0 spear. You block the gnoll's attack.
The gnoll sergeant hits you from afar with a +0 glaive!
You block the gnoll sergeant's attack.
Unknown command.
You closely miss the gnoll.
The gnoll is almost dead.
You block the gnoll's attack. The gnoll closely misses you.
The gnoll sergeant hits you from afar with a +0 glaive!
The gnoll sergeant hits you from afar with a +0 halberd.
You hit the gnoll.
You kill the gnoll!
Okawaru accepts your kill. You block the gnoll sergeant's attack.
The gnoll hits you from afar with a +0 halberd.
The gnoll sergeant hits you from afar with a +0 halberd!
* * * LOW HITPOINT WARNING * * *
The gnoll closely misses you.
The gnoll sergeant hits you from afar with a +0 glaive!
* * * LOW HITPOINT WARNING * * *
The gnoll sergeant hits you from afar with a +0 halberd!
You die...

..≈≈♣ #..≈.♣
#..≈.♣♣ #..≈..♣♣ #
#..≈...♣ .#
#..≈...♣
..######..≈...♣♣
...#...'......g♣♣♣#
...'..)'......g)@∩#
...#...'......g♣♣♣#
..######..≈...♣♣ .#
#..≈..♣♣ # #..≈..♣
#..≈..♣ #..≈.♣♣
#..≈.♣ #...≈≈♣♣


You could see 2 gnoll sergeants and a gnoll.

Vanquished Creatures
  4 yaks (D:9)
  3 steam dragons
  2 water moccasins
  2 orc warriors (D:6)
  An ice beast (D:5)
  4 black bears
  2 ogres
  A sky beast (D:6)
  A centaur (D:9)
  A phantom (D:5)
  A bullfrog (D:5)
  6 scorpions
  A necrophage (D:6)
  4 howler monkeys
  4 jellies
  4 orc priests
  2 gnoll boudas
  8 hounds
  3 iguanas
  Jessica (D:3)
  3 orc wizards
  Natasha (thrice) (D:3)
  Robin (D:3)
  18 gnolls
  6 adders
  2 ufetubi
  A worm (D:2)
  2 dart slugs
  25 orcs
  4 ball pythons
  6 endoplasms
  12 goblins
  10 hobgoblins
  3 jackals (D:1)
  10 kobolds
  5 quokkas
  4 bats
  3 frilled lizards
  3 rats
176 creatures vanquished.

Notes
Turn   | Place    | Note
-------+----------+-------------------------------------------
     0 | D:1      | xian the Troll Gladiator began the quest for the Orb.
     0 | D:1      | Reached XP level 1. HP: 19/19 MP: 0/0
   293 | D:1      | Reached XP level 2. HP: 27/27 MP: 1/1
   803 | D:2      | Found an opulent altar of Gozag.
   955 | D:2      | Found a faded altar of an unknown god.
   970 | D:2      | Reached XP level 3. HP: 35/35 MP: 2/2
  1498 | D:3      | Noticed Robin
  1512 | D:3      | Identified the +4 hand axe of the Twisting Gods {vorpal,
                  | Fragile rPois rF+ Int+3}
  1521 | D:3      | Killed Robin
  1617 | D:3      | Noticed Natasha
  1622 | D:3      | Killed Natasha
  1623 | D:3      | Reached XP level 4. HP: 42/42 MP: 3/3
  1677 | D:3      | Noticed Natasha
  1688 | D:3      | Killed Natasha
  1872 | D:3      | Noticed Natasha
  1878 | D:3      | Killed Natasha
  1879 | D:3      | Reached XP level 5. HP: 49/49 MP: 4/4
  2042 | D:3      | Noticed Jessica
  2043 | D:3      | Killed Jessica
  2066 | D:3      | Reached skill level 1 in Axes
  2312 | D:4      | Reached XP level 6. HP: 57/57 MP: 5/5
  2862 | D:5      | Entered Level 5 of the Dungeon
  2878 | D:5      | Reached XP level 7. HP: 62/66 MP: 6/6
  2997 | D:5      | Reached XP level 8. HP: 33/75 MP: 7/7
  3025 | D:5      | Reached skill level 1 in Stealth
  3119 | D:5      | Found a staircase to the Ecumenical Temple.
  3128 | Temple   | Entered the Ecumenical Temple
  3212 | Temple   | Became a worshipper of Warmaster Okawaru
  3305 | D:5      | Reached skill level 1 in Shields
  3310 | D:5      | Reached skill level 5 in Axes
  3433 | D:5      | Reached skill level 5 in Dodging
  3833 | D:6      | Reached * piety under Okawaru
  3907 | D:6      | Reached XP level 9. HP: 84/84 MP: 8/8
  4063 | D:6      | Reached ** piety under Okawaru
  4752 | D:7      | Found Seto's Weapon Shop.
  5433 | D:7      | You fall into a shaft and drop 2 floors!
  5501 | D:9      | Reached *** piety under Okawaru
  5695 | D:9      | Reached XP level 10. HP: 57/94 MP: 9/9
  5853 | D:9      | Found a flagged portal.
  5883 | Bailey   | Entered a bailey
  5969 | Bailey   | Slain by a gnoll sergeant

Illustrated notes

Levels and vault maps discovered:
D:1:      heliophobic_arrival_henge, layout_loops_ring
D:2:      layout_loops_ring, basic_altar, basic_ecumenical_altar, serial_glass,
          glass_columns_a, glass_columns_a, glass_columns_a, glass_columns_a
D:3:      layout_basic, chequers_serial_rivers_large_a, kennysheep_orc_chapel,
          uniq_jessica, uniq_natasha, uniq_robin
D:4:      layout_basic
D:5:      layout_loops_ring, minmay_temple_entry_junction_2, minmay_bent
D:6:      cheibrodos_steamvent, layout_loops_ring, nicolae_underground_beach
D:7:      layout_layer_cave, serial_shops, nicolae_square_shop,
          hangedman_abyss_or_decor_stagger
D:9:      layout_loops_cross, chequers_temple_overflow_minitemple,
          enter_bailey_4
Temple:   compressed_dpeg_triangle_lava_temple
Bailey:   bailey_polearm_gnolls_kennysheep, bailey

Skill      XL: |  1  2  3  4  5  6  7  8  9 |
---------------+----------------------------+-----
Maces & Flails | 3 4 |  4.5
Throwing       | 2 3 4 |  4.0
Dodging        | 3 4 5 6 |  6.3
Fighting       | 2 3 4 |  4.5
Axes           | 1 2 4 5 6 |  6.8
Stealth        | 1 |  1.7
Shields        | 1 3 |  3.9
Invocations    | |  0.5

Action                   |  1- 3 |  4- 6 |  7- 9 | 10-12 || total
-------------------------+-------+-------+-------+-------++-------
Melee: Flail             |   132 |       |       |       ||   132
       Punch             |     1 |       |       |       ||     1
       Hand axe          |     1 |   103 |   361 |    27 ||   492
Throw: Stone             |     4 |    16 |    26 |    10 ||    56
       Boomerang         |       |    16 |    17 |       ||    33
Invok: Heroism           |       |       |     2 |       ||     2
  Use: Scroll            |       |       |     1 |       ||     1
 Stab: Sleeping          |       |       |     1 |       ||     1
Armor: Robe              |    77 |    40 |   133 |       ||   250
       Steam dragon scal |       |       |    11 |    23 ||    34
Dodge: Dodged            |    70 |    65 |   143 |    25 ||   303
Block: Kite shield       |       |     2 |    73 |       ||    75
       Tower shield      |       |       |   103 |    45 ||   148
